 Dungeon Crawl Stone Soup version 0.29.1-13-g9f3cf754e1 (webtiles) character file.

Game seed: 17985577704926231031

93637 leafyfresh the Spry (level 16, -27/112 (118) HPs)
             Began as a Djinni Ice Elementalist on Feb 7, 2023.
             Was the Champion of Ru.
             Killed from afar by a bog body (52 damage)
             ... with a bolt of cold
             ... on level 1 of the Swamp.
             The game lasted 02:51:06 (33452 turns).

leafyfresh the Spry (Djinni Ice Elementalist)      Turns: 33452, Time: 02:51:09

HP:   -27/112 (118) AC: 13    Str:  5    XL:     16   Next: 57%
Gold: 1776          EV: 22    Int: 24    God:    Ru [******] SH:  0 Dex: 22

rFire   + + .      SeeInvis +   c - staff of fire
rCold   x . .      Faith    .   (shield unavailable)
rNeg    . . .      Spirit   .   S - +1 troll leather armour
rPois   ∞          Reflect  .   p - +0 helmet
rElec   +          Harm     .   x - +1 cloak
rCorr   +          Rampage  +   n - +2 pair of gloves of the Mauling Shrikes {Rampage rPois rF- Dex+7}
Will    ++...                   (boots unavailable)
Stlth   ..........              U - amulet of regeneration
HPRegen 1.88/turn               (ring unavailable)
MPRegen 0.00/turn               V - ring of Doubts {Wiz Fly rElec rCorr}

@: exhausted, flying, drained, unable to read, unable to drink
A: sickness immunity, fire resistance 2, no potion heal 1, cold vulnerability 1,
inability to drink after injury 2, inability to read after injury 2, missing a
hand, no stealth, float, innate caster, HP casting, extra vitality 1, camouflage
1, see invisible, strong-willed 1, weak 1
a: Renounce Religion, Draw Out Power, Power Leap, Apocalypse


You were on level 1 of the Swamp.
You worshipped Ru.
Ru was exalted by your worship.
You visited 7 branches of the dungeon, and saw 24 of its levels.
You also visited: Sewer and Ossuary.

You collected 2551 gold pieces.
You spent 775 gold pieces at shops.

Inventory:

Hand Weapons
 t - a +3 hammer of protection
Missiles
 k - 9 curare-tipped darts (quivered)
Armour
 n - the +2 pair of gloves of the Mauling Shrikes (worn) {Rampage rPois rF- Dex+7}
   (You found it on level 4 of the Dungeon)

   Dex:       It affects your dexterity (+7).
   rF:        It makes you vulnerable to fire.
   rPois:     It protects you from poison.
   Rampage:   It bestows one free step when moving towards enemies.
 p - a +0 helmet (worn)
 x - a +1 cloak (worn)
 S - a +1 troll leather armour (worn)
 X - the +0 ring mail "Athracin" {Dex+6 Stlth+}
   (You found it on level 1 of the Swamp)

   Dex:       It affects your dexterity (+6).
   Stlth:     It makes you more stealthy.
Magical Staves
 c - a staff of fire (weapon)
 h - a staff of conjuration
Jewellery
 A - a ring of protection from cold
 I - a ring of positive energy
 N - a +6 ring of dexterity
 U - an amulet of regeneration (around neck)
 V - the ring of Doubts (right hand) {Wiz Fly rElec rCorr}
   (You bought it in a shop on level 6 of the Dungeon)

   [ring of wizardry]

   It improves your spell success rate.
   rElec:     It insulates you from electricity.
   Fly:       It grants you flight.
   rCorr:     It protects you from acid and corrosion.
Wands
 g - a wand of flame (25)
 w - a wand of iceblast (16)
 B - a wand of polymorph (4)
 H - a wand of mindburst (21)
 J - a wand of digging (1)
 L - a wand of quicksilver (23)
 P - a wand of paralysis (15)
Scrolls
 o - 2 scrolls of vulnerability
 q - 3 scrolls of magic mapping
 v - 3 scrolls of blinking
 y - 4 scrolls of identify
 C - 11 scrolls of teleportation
 D - 5 scrolls of fear
 E - 2 scrolls of brand weapon
 F - a scroll of silence
 G - a scroll of torment
 M - a scroll of enchant weapon
 Q - 4 scrolls of immolation
 T - a scroll of butterflies
 W - 2 scrolls of poison
Potions
 b - 2 potions of resistance
 d - 4 potions of brilliance
 e - 2 potions of invisibility
 f - 4 potions of ambrosia
 j - 9 potions of might
 l - a potion of magic
 m - 2 potions of berserk rage
 r - 2 potions of attraction
 s - 9 potions of curing
 u - 4 potions of cancellation
 z - 3 potions of mutation
 K - 3 potions of haste
 O - 3 potions of heal wounds
 R - a potion of lignification
Miscellaneous
 a - a phial of floods (inert)
 i - a condenser vane (inert)


   Skills:
 - Level 11.9 Fighting
 - Level 7.7 Armour
 + Level 15.4 Dodging
   Level 0.0 Stealth
   Level 0.0 Shields
 - Level 13.3 Spellcasting
 - Level 10.0 Evocations


You had 4 spell levels left.
You knew the following spells:

 Your Spells              Type           Power      Damage    Failure   Level
a - Freeze                Ice            100%       1d11      1%          1
b - Frozen Ramparts       Ice            100%       1d16      1%          3
c - Ozocubu's Armour      Ice            68%        N/A       1%          3
d - Hailstorm             Conj/Ice       68%        3d14      1%          4
e - Summon Small Mammal   Summ           100%       N/A       1%          1
f - Wereblood             Tmut           68%        N/A       1%          2
g - Teleport Other        Tloc           68%        N/A       1%          3
h - Fulminant Prism       Conj/Hex       34%        3d16      1%          4
i - Lightning Bolt        Conj/Air       34%        1d51      1%          5
j - Fireball              Conj/Fire      44%        3d18      1%          5
k - Dispersal             Tloc           34%        N/A       1%          6
Your spell library was empty.

Dungeon Overview and Level Annotations

Branches:
Dungeon (13/15)            Temple (1/1) D:7            Lair (5/5) D:11
  Swamp (1/4) Lair:3       Spider (1/4) Lair:3        Slime (1/5) Lair:5
    Orc (2/2) D:12            Elf (0/3) Orc:2        Vaults (0/5) D:13
  Sewer (visited)         Ossuary (visited)

Altars:
Ashenzari
Cheibriados
Dithmenos
Elyvilon
Fedhas
Gozag
Hepliaklqana
Makhleb
Nemelex Xobeh
Okawaru
Qazlal
Ru
Trog
Uskayaw
Xom
Yredelemnul
Zin
The Shining One

Shops:
D:6 =   D:8 (   Orc:1 *   Orc:2 (*?:

Annotations:
D:8 2 runed translucent doors


Innate Abilities, Weirdness & Mutations

You are immune to sickness and miasma.
You are immune to poison.
Your flesh is very heat resistant. (rF++)
Potions are less effective at restoring your health.
You are vulnerable to cold. (rC-)
You sometimes lose the ability to drink potions when taking damage.
You sometimes lose the ability to read scrolls when taking damage.
You are missing a hand.
You cannot be stealthy.
You float through the air rather than walking.
You learn spells naturally, not from books.
Your magical power is your life essence.
You have superior vitality. (+4 MHP)
Your skin changes colour to match your surroundings (Stealth+).
You have supernaturally acute eyesight. (SInv)
You are strong-willed. (Will+)
You are weak. (Str -2)


Message History

The eight-headed hydra closely misses you.
The eight-headed hydra bites you but does no damage.
The eight-headed hydra misses you. The eight-headed hydra bites you.
* * * LOW HITPOINT WARNING * * *
The goliath frog is struck by lightning.
The goliath frog barely misses you.
Casting: Fireball (mildly dangerous; 1% risk of failure)
Confirm with . or Enter, or press ? or * to list all spells.
Aiming: Lightning Bolt (mildly dangerous; 1% risk of failure)
Press: ? - help, Shift-Dir - straight line, f/p - goliath frog
Aim: a goliath frog (thunder, almost dead, slow, 40% to hit)
Okay, then.
Okay, then.
Casting: Lightning Bolt (mildly dangerous; 1% risk of failure)
Confirm with . or Enter, or press ? or * to list all spells.
Okay, then.
Casting: Lightning Bolt (mildly dangerous; 1% risk of failure)
Confirm with . or Enter, or press ? or * to list all spells.
Casting: Dispersal (dangerous; 1% risk of failure)
Press: ? - help, Dir - look around, f - activate The eight-headed hydra blinks!
The goliath frog blinks!
* * * LOW HITPOINT WARNING * * *
A goliath frog comes into view.
Really fly into that cloud of thunder?
Okay, then.
Casting: Dispersal (dangerous; 1% risk of failure)
Confirm with . or Enter, or press ? or * to list all spells.
Okay, then.
Casting: Dispersal (dangerous; 1% risk of failure)
Confirm with . or Enter, or press ? or * to list all spells.
Okay, then.
Casting: Dispersal (dangerous; 1% risk of failure)
Confirm with . or Enter, or press ? or * to list all spells.
Casting: Dispersal (dangerous; 1% risk of failure)
Press: ? - help, Dir - look around, f - activate The eight-headed hydra disappears!
* * * LOW HITPOINT WARNING * * *
The bog body casts a spell at you. The bolt of cold hits you!!!
You feel a terrible chill!
You die...

♣♣.. ♣.. ~~§ ♣~~
~.~. ♣♣. ♣...~ ♣.
♣♣♣♣♣♣ ♣~~.~.♣ ♣~
♣♣.♣~~§§♣♣♣♣.~~~♣.♣
♣~
~~.~§§§§♣§....♣§~.♣
♣~
~~♣Fn§§§@§..♣.~~~.♣
♣♣
~.~~§§♣♣♣~..~.~~~.♣
♣ §~?§~~
♣♣^.†..~~~♣♣ ♣
~.~~♣ ♣..~~~~...♣ ♣
~.~§ ♣♣.~....~~♣ ♣
..~ ♣.♣♣.~~..♣♣ ♣
♣~ ♣....~~...♣
♣..♣.....♣♣♣♣♣♣
♣..♣♣^♣~.....♣♣


You could see a goliath frog and a bog body.

Vanquished Creatures
  A rockslime (Lair:5)
  A ghost moth (Spider:1)
  A broodmother (Spider:1)
  An eleionoma (Swamp:1)
  2 bunyips (Swamp:1)
  Josephine (D:10)
  6 hydras
  3 boulder beetles
  Erica (D:8)
  2 ogre magi (Orc:2)
  3 catoblepae
  14 two-headed ogres
  3 alligators (Swamp:1)
  2 centaur warriors
  A death yak (Lair:3)
  Nergalle (Orc:1)
  A shadow wraith (D:13)
  An iron troll (D:13)
  5 skeletal warriors
  2 goliath frogs (Swamp:1)
  Lodul (D:10)
  4 bog bodies
  A steelbarb worm (Spider:1)
  2 deep trolls (Orc:2)
  A lindwurm (D:13)
  An orc knight (Orc:2)
  An orb spider (Spider:1)
  A wizard (D:11)
  3 ugly things
  A wolf spider (Spider:1)
  5 cyclopes
  A will-o-the-wisp (Lair:3)
  An orc sorcerer (Orc:1)
  14 elephants
  A manticore (D:11)
  Maurice (D:8)
  4 black mambas
  2 unseen horrors
  7 cane toads
  2 gargoyles (D:12)
  Maggie (D:8)
  A torpor snail (Lair:3)
  3 kobold demonologists
  2 demonic crawlers (Spider:1)
  A rime drake (Lair:5)
  7 komodo dragons
  17 trolls
  A polar bear (Lair:5)
  4 tarantellas (Spider:1)
  12 blink frogs (Lair:3)
  A tarantella (shapeshifter) (D:13)
  3 slime creatures (D:13)
  7 hornets
  Prince Ribbit (D:7)
  8 dream sheep (Lair:5)
  5 culicivoras
  2 jumping spiders (Spider:1)
  13 spriggans
  7 wraiths
  4 wyverns
  A vampire (D:13)
  36 yaks
  Grum (D:8)
  8 vampire mosquitoes
  5 basilisks
  A steam dragon (D:10)
  7 redbacks (Spider:1)
  3 swamp worms (Swamp:1)
  An acid dragon (D:10)
  12 water moccasins
  Duvessa (D:7)
  5 black bears
  16 orc warriors
  3 sky beasts
  4 ice beasts
  4 boggarts (Lair:5)
  25 wolves
  26 ogres
  5 centaurs
  A phantom (D:5)
  3 kobold brigands
  4 necrophages
  A gnoll sergeant (D:12)
  8 bullfrogs
  13 scorpions
  11 wights
  Dowan (D:7)
  A killer bee (D:8)
  4 electric eels
  4 howler monkeys
  4 centaur zombies (Ossuary)
  2 human zombies (Ossuary)
  2 jellies
  Crazy Yiuf (D:2)
  A gnoll bouda (D:8)
  14 orc priests
  6 hounds
  4 iguanas
  22 orc wizards
  A scorpion zombie (Ossuary)
  3 mummies (Ossuary)
  7 gnolls
  12 adders
  3 river rats (Sewer)
  A shadow imp (D:8)
  A white imp (D:5)
  A howler monkey simulacrum (D:8)
  An ufetubus (D:5)
  6 worms
  5 dart slugs
  76 orcs
  10 endoplasms
  3 giant cockroaches
  A gnoll zombie (Ossuary)
  2 goblins
  7 hobgoblins
  6 jackals
  9 quokkas
  14 ball pythons
  12 bats
  7 frilled lizards
  3 goblin zombies (Ossuary)
  2 hobgoblin zombies (Ossuary)
  11 kobolds
  3 kobold zombies (Ossuary)
  An orc zombie (Ossuary)
  5 rats
  A bush (Lair:5)
  2 fulminant prisms
693 creatures vanquished.

Vanquished Creatures (collateral kills)
  2 yaks (D:12)
2 creatures vanquished.

Vanquished Creatures (others)
  The ghost of Qaatiyw the Nimble, a journeyman DjSu of Makhleb (Lair:2)
  A bloated husk (Swamp:1)
  A polar bear (Lair:5)
  A wraith (D:10)
  A yak (D:12)
  An orc wizard (D:11)
  A bush (Lair:2)
  2 foxfires (Swamp:1)
  153 fulminant prisms
  29 fungi
  22 plants
213 creatures vanquished.

Grand Total: 908 creatures vanquished

Notes
Turn   | Place    | Note
-------+----------+-------------------------------------------
     0 | D:1      | leafyfresh the Djinni Ice Elementalist began the quest for
                  | the Orb.
     0 | D:1      | leafyfresh set off with the following spells memorised:
                  | Freeze, Frozen Ramparts, Ozocubu's Armour, Hailstorm.
     0 | D:1      | Reached XP level 1. HP: 15/15 MP: 0/0
    40 | D:1      | Found a faded altar of an unknown god.
   229 | D:1      | Found a shimmering altar of Xom.
   302 | D:1      | Reached XP level 2. HP: 16/21 MP: 0/0
   968 | D:1      | Reached skill level 3 in Dodging
   968 | D:1      | Reached XP level 3. HP: 25/25 MP: 0/0
   968 | D:1      | Learned a level 1 spell: Summon Small Mammal
  1932 | D:2      | Reached XP level 4. HP: 10/31 MP: 0/0
  2719 | D:2      | Found an opulent altar of Gozag.
  2977 | D:2      | Reached skill level 4 in Dodging
  2977 | D:2      | Reached XP level 5. HP: 17/35 MP: 0/0
  2977 | D:2      | Learned a level 2 spell: Wereblood
  3427 | D:2      | Found a runed translucent door.
  3428 | D:2      | Noticed Crazy Yiuf
  3436 | D:2      | Killed Crazy Yiuf
  4174 | D:3      | You are sucked into a shaft and drop 2 floors!
  4174 | D:5      | Entered Level 5 of the Dungeon
  4217 | D:5      | Reached XP level 6. HP: 40/40 MP: 0/0
  4217 | D:5      | Noticed an ogre
  4223 | D:5      | Killed an ogre
  4224 | D:5      | Reached skill level 5 in Dodging
  4243 | D:5      | Found a glowing drain.
  4264 | D:5      | Reached XP level 7. HP: 24/45 MP: 0/0
  4264 | D:5      | Learned a level 3 spell: Teleport Other
  4280 | D:5      | HP: 1/45 [white imp (3)]
  4286 | Sewer    | Entered a sewer
  4605 | Sewer    | Reached skill level 5 in Spellcasting
  4950 | Sewer    | Reached skill level 6 in Dodging
  5828 | D:4      | Identified the +2 pair of gloves of the Mauling Shrikes
                  | {Rampage rPois rF- Dex+7}
  6889 | D:5      | Reached XP level 8. HP: 37/50 MP: 0/0
  7046 | D:5      | Reached skill level 7 in Dodging
  8587 | D:6      | Reached skill level 1 in Fighting
  8713 | D:6      | Reached skill level 8 in Dodging
  8713 | D:6      | Reached XP level 9. HP: 53/58 MP: 0/0
  8713 | D:6      | Learned a level 4 spell: Fulminant Prism
  9143 | D:6      | Found Kawniy's Jewellery Shoppe.
 10310 | D:7      | Found a staircase to the Ecumenical Temple.
 10331 | Temple   | Entered the Ecumenical Temple
 10435 | Temple   | Became a worshipper of Ru the Awakened
 10466 | D:7      | Noticed Prince Ribbit
 10472 | D:7      | Killed Prince Ribbit
 10491 | D:7      | Found a sand-covered staircase.
 10499 | Ossuary  | Entered an ossuary
 10779 | Ossuary  | Reached skill level 9 in Dodging
 10783 | Ossuary  | Reached XP level 10. HP: 63/68 MP: 0/0
 11312 | D:7      | Noticed Dowan
 11323 | D:7      | Reached skill level 5 in Fighting
 11334 | D:7      | Noticed Duvessa
 11348 | D:7      | Killed Duvessa
 11349 | D:7      | Reached skill level 5 in Stealth
 11357 | D:7      | Killed Dowan
 11370 | D:7      | HP: 3/70 [something (6)]
 11932 | D:7      | Noticed a moth of wrath
 12213 | D:7      | Found a sparkling altar of Nemelex Xobeh.
 12274 | D:7      | Gained mutation: You occasionally lose the ability to read
                  | scrolls when taking damage. [Ru sacrifice]
 12274 | D:7      | Gained mutation: You sometimes lose the ability to read
                  | scrolls when taking damage. [Ru sacrifice]
 12274 | D:7      | Reached * piety under Ru
 13378 | D:7      | Found a bloodstained altar of Trog.
 13589 | D:8      | Noticed a boulder beetle
 13665 | D:8      | Found Famoji's Hydra Hut.
 13667 | D:8      | Noticed a five-headed hydra
 13701 | D:8      | Noticed Maurice
 13709 | D:8      | Killed Maurice
 13797 | D:8      | Noticed Grum
 13805 | D:8      | Reached skill level 10 in Dodging
 13807 | D:8      | Killed Grum
 15165 | D:9      | Reached XP level 11. HP: 67/76 MP: 0/0
 15165 | D:9      | Learned a level 5 spell: Lightning Bolt
 15568 | D:9      | Found a glowing silver altar of Zin.
 16088 | D:10     | Entered Level 10 of the Dungeon
 16236 | D:9      | Gained mutation: You occasionally lose the ability to drink
                  | potions when taking damage. [Ru sacrifice]
 16236 | D:9      | Gained mutation: You sometimes lose the ability to drink
                  | potions when taking damage. [Ru sacrifice]
 16236 | D:9      | Reached ** piety under Ru
 16236 | D:9      | Reached *** piety under Ru
 16289 | D:10     | Reached skill level 1 in Evocations
 16377 | D:10     | Noticed Josephine
 17007 | D:9      | Gained mutation: Your spells are a little easier to cast,
                  | but a little less powerful. [potion of mutation]
 17007 | D:9      | Gained mutation: You are robust. (+10% HP) [potion of
                  | mutation]
 17007 | D:9      | Gained mutation: Your skin changes colour to match your
                  | surroundings (Stealth+). [potion of mutation]
 17008 | D:9      | Lost mutation: You are robust. (+10% HP) [potion of
                  | mutation]
 17008 | D:9      | Lost mutation: Your spells are a little easier to cast, but
                  | a little less powerful. [potion of mutation]
 17008 | D:9      | Gained mutation: You have supernaturally acute eyesight.
                  | (SInv) [potion of mutation]
 17008 | D:9      | Gained mutation: You are weak. (Str -2) [potion of
                  | mutation]
 17008 | D:9      | Gained mutation: You are strong-willed. (Will+) [potion of
                  | mutation]
 17107 | D:10     | Noticed a two-headed ogre
 17112 | D:10     | Killed a two-headed ogre
 17264 | D:10     | Noticed Lodul
 17282 | D:10     | Killed Lodul
 17289 | D:10     | Reached skill level 11 in Dodging
 17338 | D:11     | Noticed a centaur warrior
 17372 | D:11     | Noticed a wizard
 17374 | D:11     | Noticed a manticore
 17377 | D:11     | Killed a manticore
 17426 | D:11     | Killed a wizard
 17427 | D:11     | Reached XP level 12. HP: 53/85 MP: 0/0
 17525 | D:11     | Reached skill level 5 in Evocations
 17717 | D:11     | Killed a centaur warrior
 17739 | D:10     | Killed Josephine
 17905 | D:10     | Found a hazy altar of Hepliaklqana.
 17906 | D:10     | Found a shadowy altar of Dithmenos.
 18001 | D:10     | Found a shimmering altar of Xom.
 18002 | D:10     | Found a broken altar of Ashenzari.
 18409 | D:8      | Noticed Erica
 18418 | D:8      | Killed Erica
 18419 | D:8      | Reached skill level 12 in Dodging
 18454 | D:8      | Noticed Maggie
 18461 | D:8      | Killed Maggie
 18580 | D:8      | Killed a boulder beetle
 18634 | D:8      | Found a runed translucent door.
 18634 | D:8      | Found a runed translucent door.
 18634 | D:8      | Noticed a four-headed hydra
 18635 | D:8      | Found a runed translucent door.
 18635 | D:8      | Noticed a two-headed ogre
 19455 | D:11     | Reached skill level 1 in Armour
 19455 | D:11     | Reached skill level 1 in Shields
 19464 | D:11     | Found a staircase to the Lair.
 19893 | D:12     | Gained mutation: You are missing a hand. [Ru sacrifice]
 19893 | D:12     | Reached **** piety under Ru
 19893 | D:12     | Reached ***** piety under Ru
 19998 | D:12     | Noticed a catoblepas
 19998 | D:12     | Noticed a two-headed ogre
 20008 | D:12     | Killed a catoblepas
 20009 | D:12     | Killed a two-headed ogre
 20010 | D:12     | Reached skill level 10 in Spellcasting
 20029 | D:12     | Reached XP level 13. HP: 60/90 MP: 0/0
 20029 | D:12     | Learned a level 5 spell: Fireball
 20531 | D:12     | Reached skill level 5 in Armour
 20601 | D:12     | Noticed a boulder beetle
 20784 | D:12     | Found a staircase to the Orcish Mines.
 21130 | D:12     | Killed a boulder beetle
 21214 | Lair:1   | Entered Level 1 of the Lair of Beasts
 21218 | Lair:1   | Noticed a six-headed hydra
 21632 | Orc:1    | Entered Level 1 of the Orcish Mines
 21692 | Orc:1    | Noticed Nergalle
 22259 | Orc:1    | Reached skill level 13 in Dodging
 22811 | D:13     | Noticed a boulder beetle
 22822 | D:13     | Killed a boulder beetle
 22987 | D:13     | Found a blossoming altar of Fedhas.
 23119 | D:13     | Noticed a centaur warrior
 23147 | D:13     | Gained mutation: Potions are less effective at restoring
                  | your health. [Ru sacrifice]
 23161 | D:13     | Killed a centaur warrior
 23271 | D:13     | Found a gate to the Vaults.
 23577 | D:13     | Reached XP level 14. HP: 54/96 MP: 0/0
 25592 | Lair:2   | Reached skill level 14 in Dodging
 25991 | Lair:2   | Gained mutation: You cannot be stealthy. [Ru sacrifice]
 25991 | Lair:2   | Reached ****** piety under Ru
 26126 | Lair:2   | Found a runed translucent gate.
 26126 | Lair:2   | Found a runed translucent gate.
 26128 | Lair:2   | Found a runed translucent gate.
 26129 | Lair:2   | Noticed Qaatiyw's ghost (journeyman DjSu)
 26811 | Lair:3   | Found a staircase to the Swamp.
 27001 | Lair:3   | Reached skill level 10 in Evocations
 27032 | Lair:3   | Found a hole to the Spider Nest.
 27868 | Lair:4   | Reached XP level 15. HP: 85/101 MP: 0/0
 27868 | Lair:4   | Learned a level 6 spell: Dispersal
 28301 | Lair:5   | Entered Level 5 of the Lair of Beasts
 28442 | Lair:5   | Found a staircase to the Slime Pits.
 29910 | Orc:1    | Killed Nergalle
 30044 | Orc:1    | You are sucked into a shaft and drop 1 floor!
 30044 | Orc:2    | Entered Level 2 of the Orcish Mines
 30196 | Orc:2    | Found a staircase to the Elven Halls.
 30208 | Orc:2    | Reached skill level 10 in Fighting
 30218 | Orc:1    | Found Naureuni's General Store.
 30694 | Orc:2    | Found Unufud's Magic Scroll Emporium.
 30699 | Orc:2    | Found Domp's Book Emporium.
 30700 | Orc:2    | Found Muphig's Assorted Antiques.
 30710 | Orc:2    | Found Juis's Antique Weapon Shoppe.
 31324 | D:8      | Reached XP level 16. HP: 107/115 MP: 0/0
 31718 | D:6      | Bought the ring of Doubts {Wiz Fly rElec rCorr} for 775
                  | gold pieces
 32030 | Lair:2   | Killed Qaatiyw's ghost
 32178 | Spider:1 | Entered Level 1 of the Spider Nest
 32326 | Swamp:1  | Entered Level 1 of the Swamp
 32693 | Slime:1  | Entered Level 1 of the Pits of Slime
 32693 | Slime:1  | Noticed a rockslime
 32698 | Slime:1  | Noticed an acid blob
 32698 | Slime:1  | Noticed an acid blob
 32700 | Slime:1  | Noticed an azure jelly
 33019 | Lair:5   | Killed a rockslime
 33280 | Swamp:1  | Reached skill level 15 in Dodging
 33354 | Swamp:1  | Identified the +0 ring mail "Athracin" {Dex+6 Stlth+}
 33446 | Swamp:1  | HP: 1/118 [acid (5)]
 33452 | Swamp:1  | Killed from afar by a bog body

Illustrated notes

Levels and vault maps discovered:
D:1:      dpeg_arrival_water_altar, layout_loops_corners,
          ebering_ecumenical_altar_ruins, minmay_split_cup_small
D:2:      layout_loops_ring, basic_altar, uniq_crazy_yiuf_cottage
D:3:      layout_basic, serial_glass, glass_columns_a, glass_columns_b,
          glass_columns_a
D:4:      layout_cave_pods, minmay_misc_feat_doors
D:5:      layout_loops_corners, cheibrodos_sewer_entry_drain
D:6:      layout_basic, serial_shops, shop, hangedman_abyss_or_decor_lesser_grid
D:7:      layout_cave_pools, nemelex_diamond_rough_becter, tgw_trog,
          minmay_temple_entry_overgrown, enter_ossuary_5, grunt_ministairs_2,
          uniq_duvessa, uniq_prince_ribbit1
D:8:      minmay_the_grid_triangle_9x9_rhombus_thin
          [minmay_the_grid_triangle_9x9_cache,
          minmay_the_grid_triangle_9x9_prize_top_heavy,
          minmay_the_grid_triangle_9x9_fully_insulated_deathbox,
          minmay_the_grid_triangle_9x9_swiss_cheese], layout_loops_ring,
          doesnt_shop_hydraphobe, uniq_maurice, uniq_grum, uniq_erica,
          uniq_maggie
D:9:      layout_stronghold, jmf_multi_god_temple
D:10:     layout_cave_pools, riverfiend_overflow_shadow_ancestor,
          nicolae_overflow_squiral, special_room [special_room_orc],
          kennysheep_doodads, uniq_lodul, uniq_josephine
D:11:     minmay_ornate_pinched, layout_irregular_city, lair_entry_dummy,
          serial_column_ruins, column_ruins_hut, column_ruins_hut,
          column_ruins_columns_straight, column_ruins_grid_3,
          column_ruins_grid_3, column_ruins_open_small,
          column_ruins_columns_dead_end, column_ruins_columns_corner
D:12:     layout_roguey, david_orc_4, kennysheep_big_empty_room
D:13:     layout_long_grid, david_vaults_4, fedhas_altar_4
Temple:   zaba_magenta_temple
Lair:1:   layout_cave_pods, infiniplex_staircase_pool
Lair:2:   layout_gridlike, ebering_ghost_rock_garden, grunt_megastairs_4
Lair:3:   layout_chaotic_city, skrybe_swamp_entry_bodies,
          hellmonk_spider_entry_life_and_decay, grunt_megastairs_1,
          lemuel_fruit_fields
Lair:4:   layout_gridlike, lemuel_fruit_tree, lemuel_fruit_fields
Lair:5:   minmay_lair_end_enchanted_forest, layout_cave_pods, slime_entry_1
Swamp:1:  cheibrodos_swamp_monstrosity, layout_falls_marsh,
          evilmike_swamp_ruin_house_1
Spider:1: layout_spider_delve
Slime:1:  layout_caves
Orc:1:    layout_caves, serial_shops, shop, basic_altar, mines2_david,
          uniq_nergalle
Orc:2:    st_orc_open, layout_caves, nicolae_orc_sculptors_studio

Skill      XL: |  1  2  3  4  5  6  7  8  9 10 11 12 13 14 15 16 |
---------------+-------------------------------------------------+-----
Dodging        | 3 4 5 6 8 9 10 11 12 13 14 15 | 15.4
Spellcasting   | 4 5 6 7 9 10 11 12 13 | 13.3
Fighting       | 1 4 6 7 10 11 | 11.9
Stealth        | 2 4 5 0 |  0.0
Evocations     | 4 6 8 10 | 10.0
Armour         | 4 5 7 |  7.7
Shields        | 0 |  0.0

Action                   |  1- 3 |  4- 6 |  7- 9 | 10-12 | 13-15 | 16-18 || total
-------------------------+-------+-------+-------+-------+-------+-------++-------
Melee: Dagger            |    43 |       |       |       |       |       ||    43
       Unarmed           |     1 |       |       |       |       |       ||     1
       Mace              |       |    19 |   351 |   286 |    14 |       ||   670
       Sling             |       |     2 |       |       |       |       ||     2
       Punch             |       |       |     4 |     7 |       |       ||    11
       Staff             |       |       |       |       |    21 |     1 ||    22
 Fire: Sling             |    23 |    57 |    19 |       |       |       ||    99
 Cast: Freeze            |    31 |     7 |     6 |     3 |   110 |    11 ||   168
       Frozen Ramparts   |     1 |     9 |    28 |    60 |    67 |     6 ||   171
       Hailstorm         |       |     2 |     3 |     7 |    48 |    20 ||    80
       Ozocubu's Armour  |       |     6 |    18 |    46 |    57 |    11 ||   138
       Teleport Other    |       |       |     3 |    13 |     6 |       ||    22
       Summon Small Mamm |       |       |     2 |     3 |     6 |       ||    11
       Fulminant Prism   |       |       |     6 |    85 |    44 |    20 ||   155
       Lightning Bolt    |       |       |       |    51 |   123 |    30 ||   204
       Fireball          |       |       |       |       |   193 |    25 ||   218
       Dispersal         |       |       |       |       |     2 |    11 ||    13
Invok: Sacrifice Words   |       |       |       |     1 |       |       ||     1
       Sacrifice Drink   |       |       |       |     1 |       |       ||     1
       Sacrifice a Hand  |       |       |       |     1 |       |       ||     1
       Sacrifice Purity  |       |       |       |       |     1 |       ||     1
       Sacrifice Stealth |       |       |       |       |     1 |       ||     1
       Draw Out Power    |       |       |       |       |       |     1 ||     1
Evoke: Wand              |       |       |       |     2 |       |       ||     2
       Phial of floods   |       |       |       |       |     1 |     1 ||     2
       Condenser vane    |       |       |       |       |       |     1 ||     1
  Use: Scroll            |       |     2 |     5 |    13 |     8 |       ||    28
       Potion            |       |       |     5 |     7 |     1 |       ||    13
 Stab: Sleeping          |     3 |     1 |    10 |     1 |       |       ||    15
       Distracted        |       |       |       |     6 |       |       ||     6
       Invisible         |       |       |       |       |     2 |       ||     2
Armor: Robe              |     6 |    11 |   179 |    55 |       |       ||   251
       Troll leather arm |       |       |       |    64 |    77 |    37 ||   178
Dodge: Dodged            |    54 |    36 |   402 |   356 |   241 |   116 ||  1205
